 Dungeon Crawl Stone Soup version 0.28-a0-919-g0b5b508569 (webtiles) character file.

Game seed: 6392596565747698162

2175 croobank the Poker (level 9, -10/65 (74) HPs)
             Began as a Gnoll Cinder Acolyte on Nov 25, 2021.
             Was an Elder of Ignis.
             Killed by divine providence
             ... invoked by a smoke demon
             ... summoned by an orc sorcerer
              (14 damage)
             ... while paralysed by an orc sorcerer
             ... in a bailey on Nov 26, 2021.
             The game lasted 00:42:33 (7938 turns).

croobank the Poker (Gnoll Cinder Acolyte)           Turns: 7938, Time: 00:42:34

HP:   -10/65 (74)   AC:  8    Str: 16    XL:     9   Next: 32%
MP:   16/16         EV:  2    Int: 17    God:    Ignis [****..]
Gold: 94            SH:  0    Dex: 15    Spells: 15/18 levels left

rFire   + + .      SeeInvis .   B - +0 spear (vamp)
rCold   x . .      Faith    .   I - +0 buckler
rNeg    . . .      Spirit   .   l - +0 scale mail of Morality {Contam +Blink rElec Int+4}
rPois   .          Reflect  .   x - +1 hat
rElec   +          Harm     .   (no cloak)
rCorr   .          Rampage  .   (no gloves)
Will    .....                   (no boots)
Stlth   +.........              (no amulet)
HPRegen 0.20/turn               c - ring of fire
MPRegen 0.15/turn               w - +6 ring of dexterity

@: paralysed, heavily drained
A: fangs 1, strong nose, distributed training
a: Renounce Religion, Evoke Blink, Fiery Armour, Foxfire Swarm, Rising Flame


You were in a bailey.
You worshipped Ignis.
Ignis was greatly pleased with you.
You visited 1 branch of the dungeon, and saw 7 of its levels.
You also visited: Bailey.

You collected 248 gold pieces.
You spent 154 gold pieces at shops.

Inventory:

Hand Weapons
 a - a +0 spear of flaming
 j - a +0 short sword
 n - a +2 short sword of holy wrath
 o - a +0 spear
 t - a +4 whip of electrocution
 u - a +0 bardiche
 B - a +0 vampiric spear (weapon)
Missiles
 d - 7 poisoned darts
 e - 3 javelins
 g - 48 bolts
 i - 130 stones
 q - 3 datura-tipped darts
 v - 6 silver javelins (quivered)
Armour
 h - a +1 ring mail
 l - the +0 scale mail of Morality (worn) {Contam +Blink rElec Int+4}
   (You acquired it on level 2 of the Dungeon)

   Int:       It affects your intelligence (+4).
   rElec:     It insulates you from electricity.
   +Blink:    It lets you blink.
   Contam:    It causes magical contamination when unequipped.
 x - a +1 hat (worn)
 C - a +2 robe of cold resistance
 I - a +0 buckler (worn)
Jewellery
 c - a ring of fire (left hand)
 m - a ring of positive energy
 w - a +6 ring of dexterity (right hand)
 G - a ring of flight
Wands
 k - a wand of polymorph (5)
Scrolls
 b - a scroll of noise
 y - a scroll of immolation {unknown}
 D - a scroll of teleportation
 E - a scroll of magic mapping {unknown}
 F - a scroll of brand weapon {unknown}
 H - a scroll of fog {unknown}
Potions
 f - a potion of cancellation
 p - 2 potions of mutation
 r - a potion of haste
 s - 2 potions of invisibility
 z - 3 potions of heal wounds
 A - 3 potions of curing


   Skills:
 + Level 7.8 Fighting
 + Level 4.1 Short Blades
 + Level 4.1 Long Blades
 + Level 4.1 Axes
 + Level 4.1 Maces & Flails
 + Level 7.8 Polearms
 + Level 4.1 Staves
 + Level 4.1 Slings
 + Level 4.1 Bows
 + Level 4.1 Crossbows
 + Level 4.1 Throwing
 + Level 4.1 Armour
 + Level 4.1 Dodging
 + Level 4.1 Stealth
 + Level 4.1 Shields
 + Level 4.1 Unarmed Combat
 + Level 5.1 Spellcasting
 + Level 3.4 Conjurations
 + Level 3.4 Hexes
 + Level 3.4 Summonings
 + Level 3.4 Necromancy
 + Level 3.4 Translocations
 + Level 3.4 Transmutations
 + Level 6.5 Fire Magic
 + Level 3.4 Ice Magic
 + Level 3.4 Air Magic
 + Level 3.4 Earth Magic
 + Level 3.4 Poison Magic
 + Level 4.5 Invocations
 + Level 4.1 Evocations


You had 15 spell levels left.
You knew the following spells:

 Your Spells              Type           Power      Damage    Failure   Level
a - Scorch                Fire           78%        2d8       4%          2
b - Apportation           Tloc           30%        N/A       12%         1

Your spell library contained the following spells:

 Spells                   Type           Power      Damage    Failure   Level
 Passwall                 Tmut/Erth      12%        N/A       19%         2
 Swiftness                Air            15%        N/A       34%         3
 Alistair's Intoxication  Tmut/Pois      10%        N/A       97%         5


Dungeon Overview and Level Annotations

Branches:
Dungeon (7/15)             Temple (0/1) D:4          Bailey (1/1)

Altars:
Ashenzari
Dithmenos
Kikubaaqudgha
Beogh

Shops:
D:5 !

Annotations:
D:6 3 runed translucent doors, Strat's ghost, novice DsBr


Innate Abilities, Weirdness & Mutations

You have very sharp teeth.
Your uncanny sense of smell can sniff out nearby items.
Your experience applies equally to all skills.


Message History

There is a large open door here.
An orc warrior comes into view. It is wielding a +3 war axe.
Casting: Scorch (safe; 4% risk of failure)
Confirm with . or Enter, or press ? or * to list all spells.
You can't see any susceptible monsters within range! (Use Z to cast anyway.) Unknown command.
Throw: 7 javelins (silver)
Press: ? - help, Q - select action, (/) - cycle Shift-Dir - straight line, f - orc warrior
Aim: an orc warrior, wielding a +3 war axe and wearing a +0 ring mail (asleep, 98% to hit)
You throw a silver javelin.
The silver javelin pierces through the orc warrior.
The orc warrior is lightly wounded.
You hear a shout! x2
An orc, an orc knight and 2 orc sorcerers come into view.
Found an iron altar of Okawaru.
The orc sorcerer shouts! x2; The orc shouts!
The orc knight shouts!
Unknown command.
The orc sorcerer points at you and mumbles some strange words.
The bolt of negative energy hits you!!
You feel drained.
There is a large open door here.
The orc sorcerer gestures at you while chanting.
You suddenly lose the ability to move!
The orc sorcerer mumbles some strange words. x2
The orc hits you but does no damage.
The orc knight roars a battlecry!
The orcs go into a battle-frenzy!
The orc hits you with a +0 hand axe. The orc completely misses you.
The orc sorcerer howls an incantation.
The orc sorcerer's hands start to glow.
The orc sorcerer gestures at you while chanting.
The bolt of negative energy hits the orc!!
The orc is drained!
The orc dies!
The bolt of negative energy hits you!!
You feel drained.
Ouch! That really hurt!
* * * LOW HITPOINT WARNING * * *
The smoke demon gestures at you. Something smites you!
You die...

###≈≈≈≈≈# #.≈≈≈≈≈≈#
#.≈≈≈≈≈.######
####++#.≈≈≈≈≈......#
#.....#.≈≈≈≈≈......### #....
#....))..............# #._..
#..⌠.))..........∩..∩# #
#o.o. #.....'..............#
..#(o.o
#....@#.≈≈≈≈≈......###
..#...o#####o'#.≈≈≈≈≈......#
..#....#......#.≈≈≈≈≈.######
#....#oo.4..#.≈≈≈≈≈≈#
#...o..3######≈≈≈≈≈#
+.8.8.8.# #≈≈≈≈≈# #.......#
#≈≈≈≈≈# #+####### #≈≈≈≈≈#
∆#≈≈≈≈≈#


You could see an orc knight, an ice devil (summoned), a smoke demon (summoned),
2 orc sorcerers and an orc warrior (strong).

Vanquished Creatures
  A manticore (D:6)
  Sigmund (D:5)
  A steam dragon (D:6)
  Duvessa (D:5)
  A water moccasin (D:6)
  An orc warrior (D:7)
  2 necrophages
  A wyvern zombie (D:6)
  A bullfrog (D:7)
  2 scorpions
  A water moccasin zombie (D:6)
  Dowan (D:5)
  A water moccasin skeleton (D:5)
  A howler monkey (D:5)
  A bullfrog zombie (D:6)
  A centaur skeleton (D:6)
  An orc priest (D:7)
  2 centaur zombies (D:6)
  3 hounds
  3 jellies
  A bullfrog skeleton (D:6)
  3 killer bee zombies (D:6)
  A howler monkey zombie (D:5)
  A gnoll (Bailey)
  2 howler monkey skeletons (D:6)
  4 adders
  A shadow imp (D:5)
  A white imp (D:6)
  3 ufetubi
  A worm (D:2)
  6 orcs
  4 ball pythons
  8 bats
  5 endoplasms
  3 giant cockroaches
  13 goblins
  8 hobgoblins
  2 quokkas (D:2)
  A frilled lizard (D:3)
  9 kobolds
  4 rats
108 creatures vanquished.

Vanquished Creatures (collateral kills)
  A quokka (D:1)
1 creature vanquished.

Vanquished Creatures (others)
  An orc (Bailey)
  19 foxfires (D:5)
  A withered plant (D:6)
21 creatures vanquished.

Grand Total: 130 creatures vanquished

Notes
Turn   | Place    | Note
-------+----------+-------------------------------------------
     0 | D:1      | croobank the Gnoll Cinder Acolyte began the quest for the
                  | Orb.
     0 | D:1      | Reached XP level 1. HP: 23/23 MP: 4/4
   289 | D:1      | Reached XP level 2. HP: 6/29 MP: 5/5
   568 | D:1      | Found a faded altar of an unknown god.
   967 | D:1      | Reached XP level 3. HP: 26/35 MP: 7/7
   973 | D:1      | Learned a level 2 spell: Scorch
  1341 | D:2      | Identified a scroll of acquirement
  1341 | D:2      | Acquired the +0 scale mail of Morality {Contam +Blink rElec
                  | Int+4}
  1485 | D:2      | Reached skill level 1 in Invocations
  1601 | D:2      | Reached skill level 1 in Short Blades
  1601 | D:2      | Reached skill level 1 in Long Blades
  1601 | D:2      | Reached skill level 1 in Axes
  1601 | D:2      | Reached skill level 1 in Maces & Flails
  1601 | D:2      | Reached skill level 1 in Staves
  1601 | D:2      | Reached skill level 1 in Slings
  1601 | D:2      | Reached skill level 1 in Bows
  1601 | D:2      | Reached skill level 1 in Crossbows
  1601 | D:2      | Reached skill level 1 in Throwing
  1601 | D:2      | Reached skill level 1 in Armour
  1601 | D:2      | Reached skill level 1 in Dodging
  1601 | D:2      | Reached skill level 1 in Stealth
  1601 | D:2      | Reached skill level 1 in Shields
  1601 | D:2      | Reached skill level 1 in Unarmed Combat
  1601 | D:2      | Reached skill level 1 in Evocations
  2188 | D:3      | Reached XP level 4. HP: 37/41 MP: 8/8
  2307 | D:3      | Noticed a scorpion
  2310 | D:3      | Killed a scorpion
  2311 | D:3      | Reached skill level 1 in Conjurations
  2311 | D:3      | Reached skill level 1 in Hexes
  2311 | D:3      | Reached skill level 1 in Summonings
  2311 | D:3      | Reached skill level 1 in Necromancy
  2311 | D:3      | Reached skill level 1 in Translocations
  2311 | D:3      | Reached skill level 1 in Transmutations
  2311 | D:3      | Reached skill level 1 in Ice Magic
  2311 | D:3      | Reached skill level 1 in Air Magic
  2311 | D:3      | Reached skill level 1 in Earth Magic
  2311 | D:3      | Reached skill level 1 in Poison Magic
  2311 | D:3      | Reached XP level 5. HP: 47/47 MP: 4/9
  2695 | D:3      | Found a shadowy altar of Dithmenos.
  3031 | D:4      | Noticed a necrophage
  3041 | D:4      | Killed a necrophage
  3136 | D:4      | Reached XP level 6. HP: 53/53 MP: 9/11
  3299 | D:4      | Found a staircase to the Ecumenical Temple.
  3371 | D:4      | Found a broken altar of Ashenzari.
  3885 | D:5      | Entered Level 5 of the Dungeon
  3886 | D:5      | Noticed Duvessa
  3886 | D:5      | Noticed Dowan
  4321 | D:5      | Noticed Sigmund
  4328 | D:5      | Killed Sigmund
  4329 | D:5      | Reached XP level 7. HP: 59/60 MP: 3/12
  4511 | D:5      | Killed Duvessa
  4520 | D:5      | Killed Dowan
  4973 | D:5      | Found Tonot's Distillery.
  4987 | D:5      | Bought a potion of heal wounds for 70 gold pieces
  4987 | D:5      | Bought 2 potions of curing for 84 gold pieces
  5170 | D:5      | Found an ancient bone altar of Kikubaaqudgha.
  5291 | D:6      | Reached XP level 8. HP: 56/67 MP: 4/14
  5986 | D:6      | Found a runed translucent gate.
  5986 | D:6      | Found a runed translucent gate.
  5986 | D:6      | Found a runed translucent gate.
  5989 | D:6      | Noticed Strat's ghost (novice DsBr)
  7233 | D:6      | Noticed a manticore
  7241 | D:6      | Killed a manticore
  7242 | D:6      | Reached XP level 9. HP: 63/73 MP: 9/16
  7313 | D:6      | Learned a level 1 spell: Apportation
  7475 | D:7      | Reached skill level 5 in Spellcasting
  7782 | D:7      | Found a flagged portal.
  7844 | Bailey   | Entered a bailey
  7926 | Bailey   | Found an iron altar of Okawaru.
  7926 | Bailey   | Noticed an orc knight
  7926 | Bailey   | Noticed an orc sorcerer
  7926 | Bailey   | Noticed an orc sorcerer
  7932 | Bailey   | Paralysed by an orc sorcerer for 7 turns
  7934 | Bailey   | Noticed an ice devil
  7935 | Bailey   | Noticed a smoke demon
  7938 | Bailey   | Killed from afar by a smoke demon

Illustrated notes

Levels and vault maps discovered:
D:1:      lightli_arrival_isolated_outpost, layout_loops_ring,
          shapermc_ecumenical_altar_mp_ritualfount
D:2:      layout_basic
D:3:      wad_pebble_path, layout_loops_ring, nicolae_dithmenos_shadow_blocks
D:4:      layout_basic, mainiacjoe_overflow_boulevard, minmay_temple_entry_glass
D:5:      layout_basic, marbit_many_paths, serial_shops, shop, uniq_duvessa,
          uniq_sigmund
D:6:      layout_gridville, biasface_ghost_orc_armoury, serial_undead,
          serial_undead_c, serial_undead_b, serial_undead_d, serial_undead_a
D:7:      minmay_general_purpose_star, layout_cave_pods, enter_bailey_3,
          chequers_garden
Bailey:   bailey_axe_of_yendor_kennysheep, bailey

Skill      XL: |  1  2  3  4  5  6  7  8  9 |
---------------+----------------------------+-----
Invocations    | 1 2 3 4 |  4.5
Short Blades   | 1 2 4 |  4.1
Long Blades    | 1 2 4 |  4.1
Axes           | 1 2 4 |  4.1
Maces & Flails | 1 2 4 |  4.1
Staves         | 1 2 4 |  4.1
Slings         | 1 2 4 |  4.1
Bows           | 1 2 4 |  4.1
Crossbows      | 1 2 4 |  4.1
Throwing       | 1 2 4 |  4.1
Armour         | 1 2 4 |  4.1
Dodging        | 1 2 4 |  4.1
Stealth        | 1 2 4 |  4.1
Shields        | 1 2 4 |  4.1
Unarmed Combat | 1 2 4 |  4.1
Evocations     | 1 2 4 |  4.1
Spellcasting   | 3 4 5 |  5.1
Conjurations   | 1 2 3 |  3.4
Hexes          | 1 2 3 |  3.4
Summonings     | 1 2 3 |  3.4
Necromancy     | 1 2 3 |  3.4
Translocations | 1 2 3 |  3.4
Transmutations | 1 2 3 |  3.4
Ice Magic      | 1 2 3 |  3.4
Air Magic      | 1 2 3 |  3.4
Earth Magic    | 1 2 3 |  3.4
Poison Magic   | 1 2 3 |  3.4
Fighting       | 7 |  7.8
Polearms       | 7 |  7.8
Fire Magic     | 6 |  6.5

Action                   |  1- 3 |  4- 6 |  7- 9 || total
-------------------------+-------+-------+-------++-------
Melee: Spear             |    72 |       |   102 ||   174
       Bite              |     4 |     1 |    15 ||    20
       Short sword       |    14 |       |       ||    14
       Whip              |     3 |    18 |     3 ||    24
       Bardiche          |       |    15 |       ||    15
       Punch             |       |       |     1 ||     1
Throw: Dart              |     1 |     2 |     3 ||     6
       Javelin           |       |       |    28 ||    28
 Cast: Scorch            |    15 |    26 |    72 ||   113
Invok: Foxfire Swarm     |       |     1 |     1 ||     2
       Fiery Armour      |       |       |     1 ||     1
  Use: Scroll            |     3 |     5 |     4 ||    12
 Stab: Sleeping          |     2 |       |       ||     2
Armor: Robe              |    11 |       |       ||    11
       Scale mail        |    10 |    27 |    55 ||    92
Dodge: Dodged            |    25 |    19 |    83 ||   127
Block: Buckler           |       |       |     6 ||     6

Table legend: (Time is in decaauts)
 A = Elapsed time spent in this place.
 B = Non-inter-level travel time spent in this place.
 C = Inter-level travel time spent in this place.
 D = Time resting spent in this place.
 E = Time spent auto-exploring this place.
 F = Levels seen in this place.
 G = Mean time per level.
                   A        B        C        D        E       F      G
               +--------+--------+--------+--------+--------+-----+--------+
         Total |   7918 |   7750 |    168 |   1653 |   4800 |   8 |  989.8 |
       Dungeon |   7828 |   7660 |    168 |   1653 |   4751 |   7 | 1118.3 |
        Bailey |     90 |     90 |      0 |      0 |     49 |   1 |   90.0 |
               +--------+--------+--------+--------+--------+-----+--------+

Top non-repeatable levels by time:
     D:6: 1727 daAuts
     D:5: 1430 daAuts
     D:4: 1218 daAuts
     D:1: 1153 daAuts
     D:2: 984 daAuts
     D:3: 881 daAuts
     D:7: 432 daAuts
  Bailey: 90 daAuts
